 Dungeon Crawl Stone Soup version 0.29.0-13-gc9e81de378 (webtiles) character file.

Game seed: 10821669313901840205

1653 mdonais the Cleaver (level 9, -2/82 HPs)
             Began as a Meteoran Fighter on Sept 10, 2022.
             Was a Believer of Fedhas.
             Slain by an ogre
             ... wielding a +0 giant spiked club
              (20 damage)
             ... on level 6 of the Dungeon.
             The game lasted 00:12:06 (1552 turns).

mdonais the Cleaver (Meteoran Fighter)              Turns: 1552, Time: 00:12:07

Health: -2/82      AC:  7    Str: 21 (22) XL:     9   Next: 43%
Magic:  10/10      EV: 12    Int: 10      God:    Fedhas [**....]
Gold:   153        SH:  5    Dex: 12 (14) Spells: 8/8 levels left

rFire   . . .      SeeInvis +   h - +2 war axe (vorpal)
rCold   . . .      Faith    .   c - +0 buckler
rNeg    . . .      Spirit   .   g - +0 troll leather armour {Pargi}
rPois   .          Reflect  .   m - +0 helmet
rElec   .          Harm     .   (no cloak)
rCorr   .          Rampage  .   (no gloves)
Will    ++...                   e - +0 pair of boots
Stlth   +.........              (no amulet)
HPRegen 1.03/turn               j - ring of willpower
MPRegen 0.12/turn               (no ring)

@: glowing, unable to read
A: sense surroundings 2, otherworldly, glowing, explore regen, see invisible,
inability to read after injury 1
a: Renounce Religion, Wall of Briars


You were on level 6 of the Dungeon.
You worshipped Fedhas.
Fedhas was pleased with you.
You visited 1 branch of the dungeon, and saw 6 of its levels.
You also visited: Sewer.

You collected 176 gold pieces.
You spent 23 gold pieces at shops.

Inventory:

Hand Weapons
 a - a +2 hand axe of flaming
   (You took it off an orc on level 5 of the Dungeon)
 f - a +1 morningstar of protection
   (You took it off an orc on level 5 of the Dungeon)
 h - a +2 vorpal war axe (weapon)
   (You took it off an orc on level 5 of the Dungeon)
Armour
 c - a +0 buckler (worn)
 e - a +0 pair of boots (worn)
   (You found it on level 1 of the Dungeon)
 g - a +0 troll leather armour (worn) {Pargi}
   (You found it in a sewer)
 m - a +0 helmet (worn)
   (You found it on level 2 of the Dungeon)
Jewellery
 j - a ring of willpower (left hand)
   (You found it on level 6 of the Dungeon)
Wands
 i - a wand of roots (6)
   (You found it on level 6 of the Dungeon)
Scrolls
 b - a scroll of immolation
 l - a scroll of fear
 o - a scroll of acquirement {unknown}
 T - a scroll of teleportation
Potions
 d - a potion of ambrosia
 k - a potion of magic {unknown}
 Q - a potion of curing


   Skills:
 + Level 8.7 Fighting
 + Level 8.9 Axes
 - Level 5.0 Armour
 - Level 3.0 Dodging
 - Level 4.0 Shields


You had 8 spell levels left.
You didn't know any spells.
Your spell library contained the following spells:

 Spells                   Type           Power      Damage    Failure   Level
 Slow                     Hex            0%         N/A       50%         1
 Confusing Touch          Hex            0%         N/A       86%         3
 Dazzling Flash           Conj/Hex       0%         N/A       86%         3
 Vampiric Draining        Necr           0%         2d6       86%         3
 Agony                    Necr           0%         N/A       100%        5
 Silence                  Hex/Air        0%         N/A       100%        5


Dungeon Overview and Level Annotations

Branches:
Dungeon (6/15) Zot: 2249    Sewer (visited)
 Temple: D:4-7

Altars:
Fedhas
Yredelemnul

Shops:
D:2 *

Annotations:
D:6 Edmund


Innate Abilities, Weirdness & Mutations

You passively map the area around you.
You are easily found by Zot.
You glow in the dark.
You regain HP and MP as you explore.
You have supernaturally acute eyesight. (SInv)
You occasionally lose the ability to read scrolls when taking damage.


Message History

Found 4 stones.
Found 4 gold pieces.
You now have 130 gold pieces (gained 19).
You now have 134 gold pieces (gained 4).
There is a stone staircase leading down here.
You climb downwards.
There is a stone staircase leading up here.
Found a shiny gold wand.
Found 7 gold pieces.
Found an onyx ring.
Found 8 gold pieces.
i - a wand of roots (6)
You now have 142 gold pieces (gained 8).
j - a ring of willpower
j - a ring of willpower (left hand)
You now have 149 gold pieces (gained 7).
Found an emerald potion.
k - an emerald potion
Found a scroll of identify.
Found a giant spiked club.
R - a scroll of identify
As you read the scroll of identify, it crumbles to dust.
d - a potion of ambrosia
Found a robe.
Found a chain mail.
You see here a +0 chain mail.
Found a scroll of fear.
Found a robe.
l - a scroll of fear You see here a +0 robe.
Found 9 stones.
A white imp comes into view.
Found 4 gold pieces.
The white imp shouts!
The white imp gestures at you. The puff of frost hits you!
You take 9 damage, and have 73/82 hp.
You regained 2 hp, and now have 75/82 hp.
You regained 2 hp, and now have 77/82 hp.
The white imp closely misses you.
You regained 2 hp, and now have 79/82 hp.
You slash the white imp!
The white imp is severely wounded.
You block the white imp's attack.
You regained 2 hp, and now have 81/82 hp.
You closely miss the white imp.
The white imp is severely wounded.
The white imp barely misses you.
Health restored: 82 You hit the white imp.
You kill the white imp!
Fedhas accepts your kill.
No target in view!
Found a scroll labelled XAFURIAGOSI.
A centaur comes into view.
The centaur wields a +0 shortbow.
The centaur shoots an arrow.
The arrow completely misses you.
The centaur moves out of view.
You hear a shout!
You now have 153 gold pieces (gained 4).
You hear a bark!
Edmund the Younger comes into view.
He is wielding a +2 dire flail of holy wrath and wearing a +0 chain mail of positive energy.
You hear a shout!
A hound comes into view.
The hound pauses to sniff the ground.
The centaur shoots an arrow.
The arrow hits you.
The centaur shoots an arrow.
The arrow hits you!
You take 13 damage, and have 69/82 hp.
The centaur shoots an arrow.
The arrow hits you!
You take 12 damage, and have 57/82 hp.
An ogre comes into view. It is wielding a +0 giant spiked club.
The ogre shouts!
The hound bites you but does no damage.
The centaur unwields a +0 shortbow.
The centaur closely misses you.
The centaur kicks you but does no damage.
You block the hound's attack.
You slash the centaur!
The centaur is heavily wounded.
You barely miss the hound.
The centaur hits you but does no damage.
The centaur kicks you but does no damage.
You block the hound's attack. You block the centaur's attack.
The centaur kicks you but does no damage.
You completely miss the centaur.
The centaur is heavily wounded.
You hit the hound. The hound closely misses you.
You block the centaur's attack.
The centaur kicks you but does no damage.
The hound bites you but does no damage. The centaur barely misses you.
The centaur kicks you but does no damage.
Edmund hits you with a +2 dire flail of holy wrath.
You take 2 damage, and have 57/82 hp.
You slash the centaur!
The centaur is almost dead.
You closely miss the hound. You hit Edmund but do no damage.
The hound barely misses you. The centaur barely misses you.
The centaur kicks you but does no damage.
The hound bites you but does no damage.
Edmund hits you with a +2 dire flail of holy wrath.
You take 4 damage, and have 53/82 hp.
You slash the centaur!
You kill the centaur!
Fedhas appreciates your contribution to the ecosystem.
You barely miss Edmund. You miss the hound.
The hound stops to sniff the ground.
The hound misses you. Edmund barely misses you. You block the hound's attack.
You feel your strength returning.
Training target 3.0 for Dodging reached!
Your Dodging skill increases to level 3!
You slice the hound!!
You kill the hound!
Fedhas appreciates your contribution to the ecosystem.
You hit Edmund but do no damage. Edmund barely misses you.
You completely miss the ogre. You slash Edmund!
Edmund hits you with a +2 dire flail of holy wrath!
The ogre hits you with a +0 giant spiked club!
You take 14 damage, and have 41/82 hp.
You hit the ogre but do no damage. You slash Edmund! Edmund barely misses you.
The ogre barely misses you.
You hit the ogre.
The ogre is lightly wounded.
You hit Edmund but do no damage.
Edmund hits you with a +2 dire flail of holy wrath.
Edmund hits you with a +2 dire flail of holy wrath!
The ogre barely misses you.
You take 11 damage, and have 31/82 hp.
You slash the ogre!
The ogre is severely wounded.
You barely miss Edmund. Edmund barely misses you.
You hit the ogre but do no damage.
The ogre is severely wounded.
You hit Edmund but do no damage. The ogre barely misses you.
Edmund hits you but does no damage.
You barely miss the ogre.
The ogre is severely wounded.
You slash Edmund! You block the ogre's attack.
Edmund hits you with a +2 dire flail of holy wrath.
You take 4 damage, and have 29/82 hp.
You barely miss the ogre.
The ogre is severely wounded.
You completely miss Edmund.
Edmund hits you with a +2 dire flail of holy wrath!
You feel threatened and lose the ability to read scrolls!
* * * LOW HITPOINT WARNING * * *
You take 12 damage, and have 17/82 hp.
You barely miss the ogre.
The ogre is severely wounded.
You hit Edmund but do no damage.
The ogre hits you with a +0 giant spiked club!!
You die...
Fedhas appreciates your contribution to the ecosystem.

,, * #..........# .
##.........# ,, ..
#.........# , ...
#.........# , ....
#......(..#
.....####.......>##
, ,
................##
* ,
,,.........@.....##
* .?....##O@...###
* ..... ####...# ,
, ...., ###.# ,,..@
,* * .# .. * ,.. *
, . , * ,.. , * ..
, *, *#..** ** , *
* * *


You could see Edmund and an ogre.

Vanquished Creatures
  Grinder (D:5)
  5 yaks (D:5)
  Pargi (Sewer)
  A centaur (D:6)
  2 scorpions (D:5)
  A bullfrog zombie (D:5)
  A jelly (D:5)
  3 hounds
  An iguana (D:5)
  An orc wizard (D:5)
  A howler monkey zombie (D:5)
  5 adders (D:3)
  A white imp (D:6)
  2 worms
  A dart slug (D:1)
  9 orcs (D:5)
  10 bats
  3 endoplasms
  4 giant cockroaches
  A hobgoblin (D:3)
  2 jackals (D:1)
  5 ball pythons
  2 frilled lizards
  A rat (D:1)
64 creatures vanquished.

Vanquished Creatures (collateral kills)
  A phantom (D:5)
  A jelly (D:5)
  2 iguanas (D:5)
  An orc (D:5)
5 creatures vanquished.

Grand Total: 69 creatures vanquished

Notes
Turn   | Place    | Note
-------+----------+-------------------------------------------
     0 | D:1      | mdonais the Meteoran Fighter began the quest for the Orb.
     0 | D:1      | Reached XP level 1. HP: 19/19 MP: 2/2
    29 | D:1      | Reached XP level 2. HP: 14/26 MP: 3/3
    48 | D:1      | Found a faded altar of an unknown god.
    56 | D:1      | Prayed at the altar of an unknown god.
    56 | D:1      | Became a worshipper of Fedhas Madash
    56 | D:1      | Reached * piety under Fedhas
   262 | D:2      | Reached XP level 3. HP: 30/31 MP: 4/4
   409 | D:2      | Found Epsic's Assorted Antiques.
   413 | D:2      | Bought a scroll labelled PEGATHR NOUDY for 23 gold pieces
   519 | D:3      | Found a glowing drain.
   543 | D:3      | Reached XP level 4. HP: 31/40 MP: 5/5
   568 | Sewer    | Entered a sewer
   581 | Sewer    | Reached ** piety under Fedhas
   596 | Sewer    | Noticed Pargi
   618 | Sewer    | Killed Pargi
   619 | Sewer    | Reached skill level 5 in Armour
   619 | Sewer    | Reached XP level 5. HP: 20/47 MP: 4/6
   619 | Sewer    | Reached XP level 6. HP: 23/53 MP: 4/7
  1006 | D:5      | Entered Level 5 of the Dungeon
  1032 | D:5      | Reached skill level 5 in Fighting
  1040 | D:5      | Noticed a yak
  1042 | D:5      | Noticed a yak
  1043 | D:5      | Noticed a yak
  1044 | D:5      | Reached skill level 5 in Axes
  1047 | D:5      | Noticed a yak
  1049 | D:5      | Reached XP level 7. HP: 49/61 MP: 8/8
  1070 | D:5      | Killed a yak
  1071 | D:5      | Noticed Grinder
  1077 | D:5      | Noticed a yak
  1085 | D:5      | Killed a yak
  1086 | D:5      | Reached XP level 8. HP: 62/71 MP: 9/9
  1101 | D:5      | Killed a yak
  1108 | D:5      | Killed a yak
  1132 | D:5      | Gained mutation: You have supernaturally acute eyesight.
                  | (SInv) [potion of mutation]
  1132 | D:5      | Gained mutation: You passively map the area around you.
                  | [potion of mutation]
  1132 | D:5      | Gained mutation: You occasionally lose the ability to read
                  | scrolls when taking damage. [potion of mutation]
  1147 | D:5      | Found a basalt altar of Yredelemnul.
  1172 | D:5      | Mutation became permanent: You passively map a small area
                  | around you. [Meteoran growth]
  1172 | D:5      | Gained mutation: You passively map the area around you.
                  | [Meteoran growth]
  1172 | D:5      | Reached XP level 9. HP: 45/81 MP: 8/10
  1199 | D:5      | Paralysed by Grinder for 5 turns
  1210 | D:5      | Killed Grinder
  1532 | D:6      | Noticed Edmund
  1552 | D:6      | Slain by an ogre

Illustrated notes

Levels and vault maps discovered:
D:1:      heliophobic_arrival_enchanted_forest, layout_loops_ring,
          hellmonk_ecumenical_altar_dog_temple, amcnicky_mini_pool_small,
          minivault_19
D:2:      layout_basic, serial_shops, nicolae_shop_statue_plus,
          nicolae_shop_crystal, nicolae_shop_behind_doors, shop_statue
D:3:      layout_basic, mainiacjoe_overflow_24_doors, gup_sewer_entry_glass,
          grunt_ministairs_9, chequers_arboretum
D:4:      minmay_opposing_rooms, layout_cave_pods, serial_shops,
          nicolae_shop_statue_plus
D:5:      layout_cave_pools, lemuel_zombie_altar_yredelemnul,
          minmay_temple_entry_overgrown, uniq_grinder
D:6:      layout_cave_pods, uniq_edmund, uniq_menkaure

Skill      XL: |  1  2  3  4  5  6  7  8  9 |
---------------+----------------------------+-----
Armour         | 4 5 |  5.0
Shields        | 4 |  4.0
Axes           | 3 4 5 6 8 |  8.9
Fighting       | 4 5 6 8 |  8.7
Dodging        | 3 |  3.0

Action                   |  1- 3 |  4- 6 |  7- 9 || total
-------------------------+-------+-------+-------++-------
Melee: War axe           |    68 |    81 |   112 ||   261
Invok: Wall of Briars    |       |     1 |     1 ||     2
  Use: Scroll            |       |     4 |     3 ||     7
       Potion            |       |     2 |     9 ||    11
Armor: Scale mail        |    66 |    38 |       ||   104
       Troll leather arm |       |    22 |    26 ||    48
Dodge: Dodged            |    37 |    36 |    38 ||   111
Block: Buckler           |    27 |    20 |    20 ||    67
